AoeStats
← Chris

Nomad

506808163Analyzed
4v4 RM · 17d ago on Sep 15, 2026· 12m 15s· 8 players
Game mode
Random Map
Map size
231×231
Population
200
Speed
Normal
Resources
Standard
Victory
Conquest
Starting age
Dark Age
Ending age
Imperial Age
RankedLock teamsTeams togetherTeam positionsShared explorationLock speedFull tech treeHidden civsTurbo modeCheats
Victory
Defeat
🇨🇳 Huns · China
1294
+19
🇨🇳 Vietnamese · China
1279
+20
🇨🇳 Armenians · China
1275
+20
🇨🇳 Berbers · China
1216
+22
🇦🇺 Britons · Australia
1386
-21
🇺🇸 Chinese · United States
1370
-21
🇨🇳 Franks · China
1353
-20
🇻🇳 Romans · Vietnam
1326
-19
bina
5:04 Loom
12:42 Feudal Age
Chris
2:52 Loom
下雨天。。。。
4:34 Loom
13:57 Feudal Age
Vinkz
我来助你
3:22 Loom
datouyu
3:00 Loom
Ironbelly
4:50 Loom
12:53 Feudal Age
六个六
3:18 Loom
Connection lost

Rejoining the realm…

Still unreachable

The connection could not be restored.

Session expired

The server has moved on; the page needs a fresh start.